 Dungeon Crawl Stone Soup version 0.30.0-13-g156ef70053 (webtiles) character file.

Game seed: 7013409862361516493

529 browni3141 the Trooper (level 7, -12/61 HPs)
             Began as a Minotaur Fighter on May 17, 2023.
             Was an Initiate of Okawaru.
             Mangled by Duvessa
             ... wielding a +0 short sword
              (15 damage)
             ... on level 4 of the Dungeon.
             The game lasted 00:01:36 (2241 turns).

browni3141 the Trooper (Minotaur Fighter)           Turns: 2241, Time: 00:01:37

Health: -12/61     AC:  9    Str: 26    XL:     7   Next: 3%
Magic:  6/6        EV: 11    Int:  8    God:    Okawaru [......]
Gold:   112        SH:  5    Dex: 12    Spells: 6/6 levels left

rFire   . . .        a - +0 war axe
rCold   . . .        c - +0 buckler
rNeg    . . .        b - +0 scale mail
rPois   .            (helmet restricted)
rElec   .            C - +0 cloak
rCorr   .            L - +0 pair of gloves
SInv    .            (no boots)
Will    +....        (no amulet) Stlth
                     X - ring of willpower
HPRegen 0.30/turn    W - ring of Wihishre {Str+6 Int+3}
MPRegen 0.10/turn

%: no passive effects
@: no status effects
A: horns 2, retaliatory headbutt
a: Renounce Religion


You were on level 4 of the Dungeon.
You worshipped Okawaru.
Okawaru was noncommittal.
You visited 2 branches of the dungeon, and saw 5 of its levels.

You collected 112 gold pieces.

Inventory:

Hand Weapons
 a - a +0 war axe (weapon)
Armour
 b - a +0 scale mail (worn)
 c - a +0 buckler (worn)
 C - a +0 cloak (worn)
 L - a +0 pair of gloves (worn)
Jewellery
 D - a ring of flight
 S - a ring of ice
 U - a ring of resist corrosion
 W - the ring of Wihishre (right hand) {Str+6 Int+3}
   (You found it on level 2 of the Dungeon)

   [ring of strength]

   Str:       It affects your strength (+6).
   Int:       It affects your intelligence (+3).
 X - a ring of willpower (left hand)
Wands
 V - a wand of flame (12)
Scrolls
 E - a scroll of torment {unknown}
 F - a scroll of brand weapon {unknown}
 I - a scroll of teleportation {unknown}
 J - 3 scrolls of identify {unknown}
 P - 2 scrolls of enchant weapon {unknown}
 T - 2 scrolls of noise {unknown}
 Y - a scroll of immolation {unknown}
Potions
 G - 2 potions of haste {unknown}
 H - a potion of flight {unknown}
 K - a potion of mutation {unknown}
 M - 2 potions of might
 N - 4 potions of curing {unknown}
 O - 3 potions of invisibility {unknown}
 Q - 3 potions of cancellation {unknown}
 R - 4 potions of degeneration {unknown}
 Z - a potion of heal wounds {unknown}


   Skills:
 + Level 5.4 Fighting
 + Level 4.5 Axes
 + Level 5.3 Armour
 + Level 3.3 Dodging
 + Level 5.3 Shields


You had 6 spell levels left.
You didn't know any spells.
Your spell library contained the following spells:

 Spells                   Type           Power      Damage    Failure   Level
 Apportation              Tloc           0%         N/A       73%         1
 Necrotise                Necr           0%         1d4       73%         1
 Cigotuvi's Dreadful Rot  Necr/Pois/Air  0%         N/A       86%         2
 Ignite Poison            Fire/Tmut/Pois 0%         N/A       97%         3
 Alistair's Intoxication  Tmut/Pois      0%         N/A       100%        5
 Freezing Cloud           Conj/Ice/Air   0%         6-21      100%        5
 Summon Small Mammal      Summ           Unusable   N/A       N/A         1
 Call Canine Familiar     Summ           Unusable   N/A       N/A         3
 Summon Guardian Golem    Hex/Summ       Unusable   N/A       N/A         3

Dungeon Overview and Level Annotations

Branches:
Dungeon (4/15)             Temple (1/1) D:4

Altars:
Ashenzari
Cheibriados
Dithmenos
Fedhas
Okawaru
Qazlal
Ru
Zin

Annotations:
D:4 Duvessa


Innate Abilities, Weirdness & Mutations

You have a pair of horns on your head.
You reflexively headbutt those who attack you in melee.


Message History

An endoplasm is nearby!
An endoplasm is nearby!
An endoplasm is nearby!
You hit the endoplasm.
The endoplasm is severely wounded.
The endoplasm freezes you.
You are frozen.
You slash the endoplasm!
You kill the endoplasm!
Okawaru accepts your kill.
No target in view!
No target in view!
A howler monkey comes into view.
The howler monkey howls!
A howler monkey is nearby!
A howler monkey is nearby!
A howler monkey is nearby!
A howler monkey is nearby!
You slash the howler monkey!
The howler monkey is almost dead.
The howler monkey hoots and howls with incredible vigour!
You hear a shout! x2
You barely miss the howler monkey.
The howler monkey is almost dead.
You block the howler monkey's attack.
The howler monkey hoots and howls with incredible vigour!
You hear an angry hiss.
You hear a shout!
You slash the howler monkey!
You kill the howler monkey!
Okawaru accepts your kill.
No target in view!
No target in view!
V - a wand of flame (12);
C - a +0 cloak (worn)
Natasha, Servant of Life and Death comes into view.
She is carrying a wand of polymorph (7).
Natasha hisses angrily.
Natasha is nearby!
Duvessa, Sister of Dowan comes into view.
She is wielding a +0 short sword and wearing a +3 leather armour of fire resistance.
There are monsters nearby!
There are monsters nearby!
Dowan, Brother of Duvessa comes into view.
He is wielding a +0 dagger and wearing a +0 robe of resistance.
Dowan shouts!
Natasha claws you but does no damage.
You barely miss Natasha.
Natasha zaps a wand.
You resist with almost no effort.
There are monsters nearby!
You barely miss Natasha. Your headbutt misses Natasha.
Natasha zaps a wand.
You resist with almost no effort.
You hit Natasha.
Natasha is moderately wounded.
Natasha claws you but does no damage. x2
You barely miss Natasha.
Natasha is moderately wounded.
You hit Duvessa but do no damage. Natasha claws you but does no damage.
You completely miss Natasha.
Natasha is moderately wounded.
You slash Duvessa! You closely miss Dowan.
Duvessa hits you with a +0 short sword. Dowan barely misses you.
Natasha closely misses you.
You hit Duvessa.
Duvessa is moderately wounded.
You slash Natasha! You hit Dowan. Duvessa hits you but does no damage.
Dowan hits you but does no damage. Natasha closely misses you.
You furiously retaliate!
You headbutt Natasha!
You kill Natasha!
Okawaru accepts your kill.
Natasha growls in agony!
Duvessa hits you with a +0 short sword. You block Dowan's attack.
You hit Duvessa.
Duvessa is heavily wounded.
You slash Dowan! You block Duvessa's attack. You block Dowan's attack.
You barely miss Duvessa.
Duvessa is heavily wounded.
You hit Dowan but do no damage. Duvessa hits you with a +0 short sword.
Dowan hits you but does no damage.
You slash Duvessa!
Duvessa is severely wounded.
You closely miss Dowan. Duvessa hits you with a +0 short sword.
You block Dowan's attack.
You hit Duvessa but do no damage.
Duvessa is severely wounded.
You slash Dowan! Duvessa hits you with a +0 short sword.
Dowan points at you and mumbles some strange words.
You block the puff of flame. Dowan hits you but does no damage.
Duvessa hits you but does no damage.
You hit Duvessa. Your headbutt misses Duvessa.
Duvessa is almost dead.
You slash Dowan!
You kill Dowan!
Okawaru accepts your kill.
Duvessa screams, "No!
How DARE you!"
Duvessa goes berserk!
Duvessa hits you with a +0 short sword. Duvessa hits you with a +0 short sword!
You have reached level 7!
You barely miss Duvessa.
Duvessa is almost dead.
Duvessa hits you with a +0 short sword! x2
Unknown command.
You closely miss Duvessa.
Duvessa is almost dead.
Duvessa hits you with a +0 short sword!
You die...

#.#######.#
#.........#
########..#
#..# #..#
#####
######..#
.....
.........#
#####
#######..#
... #e@#
.## #)†#
#... ##..#
#..# #...
##.# .#


You could see Duvessa (berserk).

Vanquished Creatures
  Menkaure (D:4)
  Dowan (D:4)
  A howler monkey (D:4)
  3 orc priests (D:4)
  2 iguanas
  Natasha (twice) (D:4)
  6 adders
  4 worms
  2 dart slugs (D:1)
  3 orcs
  4 ball pythons
  6 bats
  4 endoplasms
  A giant cockroach (D:3)
  2 goblins
  5 hobgoblins
  4 jackals (D:2)
  6 kobolds
  7 quokkas
  A frilled lizard (D:3)
  3 rats
68 creatures vanquished.

Notes
Turn   | Place    | Note
-------+----------+-------------------------------------------
     0 | D:1      | browni3141 the Minotaur Fighter began the quest for the
                  | Orb.
     0 | D:1      | Reached XP level 1. HP: 19/19 MP: 0/0
    61 | D:1      | Reached XP level 2. HP: 27/27 MP: 1/1
   466 | D:1      | Reached XP level 3. HP: 32/33 MP: 2/2
   509 | D:2      | Reached skill level 3 in Axes
   603 | D:2      | Identified the ring of Wihishre {Str+6 Int+3}
   757 | D:2      | Reached XP level 4. HP: 27/40 MP: 3/3
   916 | D:2      | Identified the +8 rapier of Past Mistakes {speed, rPois}
  1281 | D:3      | Reached XP level 5. HP: 47/47 MP: 4/4
  1658 | D:4      | Noticed Menkaure
  1666 | D:4      | Killed Menkaure
  1667 | D:4      | Reached XP level 6. HP: 11/56 MP: 5/5
  1901 | D:4      | Found a staircase to the Ecumenical Temple.
  1915 | Temple   | Entered the Ecumenical Temple
  1990 | Temple   | Became a worshipper of Warmaster Okawaru
  2130 | D:4      | Reached skill level 3 in Dodging
  2161 | D:4      | Noticed Natasha
  2166 | D:4      | Killed Natasha
  2225 | D:4      | Noticed Natasha
  2227 | D:4      | Noticed Duvessa
  2228 | D:4      | Noticed Dowan
  2234 | D:4      | Killed Natasha
  2239 | D:4      | Killed Dowan
  2240 | D:4      | Reached XP level 7. HP: 19/61 MP: 6/6
  2240 | D:4      | HP: 2/61 [Duvessa/+0 short sword (9)]
  2241 | D:4      | Mangled by Duvessa

Illustrated notes

Levels and vault maps discovered:
D:1:      lightli_iron_boxes, layout_basic
D:2:      layout_basic
D:3:      layout_rooms
D:4:      layout_loops_ring, minmay_temple_entry_hall,
          chequers_serial_rivers_micro_c, uniq_duvessa, uniq_natasha,
          uniq_menkaure
Temple:   minmay_crystal_spiral_temple

Skill      XL: |  1  2  3  4  5  6 |
---------------+-------------------+-----
Dodging        | 1 2 3 |  3.3
Armour         | 4 5 |  5.3
Fighting       | 4 5 |  5.4
Shields        | 4 5 |  5.3
Axes           | 3 4 |  4.5

Action                     |  1- 3 |  4- 6 |  7- 9 || total
---------------------------+-------+-------+-------++-------
  Melee: War axe           |    77 |    85 |     2 ||   164
         Headbutt          |     5 |    11 |       ||    16
 Armour: Scale mail        |    41 |    27 |       ||    68
  Dodge: Dodged            |    45 |    35 |       ||    80
  Block: Buckler           |    30 |    19 |       ||    49
